 Dungeon Crawl Stone Soup version 0.27-a0-366-g8badd94918 (webtiles) character file.

Game seed: 6814855924812126144

884 universalconstance the Covert (level 8, -3/48 HPs)
             Began as a Kobold Brigand on Feb 16, 2021.
             Was an Initiate of Wu Jian.
             Slain by a black bear (11 damage)
             ... on level 6 of the Dungeon.
             The game lasted 00:16:48 (5878 turns).

universalconstance the Covert (Kobold Brigand)      Turns: 5878, Time: 00:16:48

Health: -3/48      AC:  6    Str:  8    XL:     8   Next: 26%
Magic:  17/17      EV: 15    Int: 12    God:    Wu Jian [......]
Gold:   269        SH:  9    Dex: 19    Spells: 7/7 levels left

rFire    . . .     SeeInvis .   v - +2 dagger (holy)
rCold    . . .     Faith    .   j - +0 kite shield
rNeg     . . .     Spirit   .   b - +0 robe
rPois    .         Reflect  .   s - +2 helmet
rElec    .         Harm     .   c - +0 cloak
rCorr    .         Rampage  .   (no gloves)
Will     .....                  (no boots)
Stlth    +++++.....             (no amulet)
HPRegen  0.16/turn              m - ring of magical power
MPRegen  0.15/turn              (no ring)

@: no status effects
A: small, nightstalker 3
a: Renounce Religion


You were on level 6 of the Dungeon.
You worshipped Wu Jian.
Wu Jian was noncommittal.
You visited 2 branches of the dungeon, and saw 7 of its levels.

You collected 269 gold pieces.

Inventory:

Hand Weapons
 a - a +2 dagger
 v - a +2 dagger of holy wrath (weapon)
Missiles
 d - 23 poisoned darts (quivered)
 e - 2 curare-tipped darts
Armour
 b - a +0 robe (worn)
 c - a +0 cloak (worn)
 j - a +0 kite shield (worn)
 s - a +2 helmet (worn)
Jewellery
 i - a ring of ice
 m - a ring of magical power (left hand)
Wands
 l - a wand of random effects (19)
 o - a wand of iceblast (8)
 q - a wand of charming (4)
 u - a wand of paralysis (8)
Scrolls
 f - 2 scrolls of amnesia {unknown}
 k - a scroll of enchant weapon {unknown}
 n - 2 scrolls of identify {unknown}
 t - 2 scrolls of noise {unknown}
Potions
 g - 3 potions of curing {unknown}
 h - 3 potions of heal wounds
 p - a potion of cancellation {unknown}
 r - a potion of invisibility {unknown}


   Skills:
 + Level 4.2 Fighting
 + Level 5.3 Short Blades
 - Level 2.1 Throwing
 + Level 4.0 Dodging
 * Level 8.6 Stealth
 * Level 3.4 Shields


You had 7 spell levels left.
You didn't know any spells.
Your spell library contained the following spells:

 Spells                   Type           Power        Failure   Level
 Animate Skeleton         Necr           0%           86%         1
 Apportation              Tloc           0%           86%         1
 Corona                   Hex            0%           86%         1
 Summon Small Mammal      Summ           0%           86%         1


Dungeon Overview and Level Annotations

Branches:
Dungeon (6/15)             Temple (1/1) D:4

Altars:
Ashenzari
Cheibriados
Elyvilon
Gozag
Hepliaklqana
Kikubaaqudgha
Nemelex Xobeh
Okawaru
Qazlal
Ru
Sif Muna
Trog
Uskayaw
Vehumet
Wu Jian
Xom
Yredelemnul
The Shining One

Shops:
D:4 :

Annotations:
D:5 1 runed translucent door


Innate Abilities, Weirdness & Mutations

You are small and have problems with some larger weapons.
You are completely attuned to the shadows.


Message History

The black bear is severely wounded.
The black bear misses you.
The black bear claws you but does no damage.
The black bear misses you. x2; You block the black bear's attack.
The black bear misses you.
Your shield prevents you from hitting the black bear.
The black bear is severely wounded.
The black bear bites you! The black bear claws you. x2
You hit the black bear but do no damage.
The black bear is severely wounded.
The black bear barely misses you. x2; The black bear misses you.
The black bear bites you! The black bear misses you.
The black bear closely misses you.
You hit the black bear.
The black bear is almost dead.
You block the black bear's attack. The black bear claws you.
The black bear claws you but does no damage.
You barely miss the black bear.
The black bear is almost dead.
You block the black bear's attack. The black bear barely misses you.
You block the black bear's attack. The black bear bites you.
* * * LOW HITPOINT WARNING * * *
The black bear claws you.
* * * LOW HITPOINT WARNING * * *
You block the black bear's attack.
You closely miss the black bear.
The black bear is almost dead.
You block the black bear's attack.
The black bear claws you but does no damage.
You block the black bear's attack. x2; The black bear closely misses you.
The black bear claws you.
* * * LOW HITPOINT WARNING * * *
You hit the black bear but do no damage.
The black bear is almost dead.
The black bear completely misses you. You block the black bear's attack.
The black bear closely misses you.
Your shield prevents you from hitting the black bear.
The black bear is almost dead.
The black bear bites you!
You die...

#....#....####
#....o........
#....#....#####
#....#.#......####
#......#...##.#<.#
......#...##.##.#
....#...##.##.#
#...##.##.#
#...##.##@#
....o##.##h#
.....o .o. ...#.
#####.#


You could see a black bear (berserk) and an orc.

Vanquished Creatures
  The ghost of jestyr24 the Chopper, a novice MiAK of Lugonu (D:5)
  A centaur (D:3)
  An ogre (D:5)
  2 bullfrogs
  A howler monkey (D:4)
  Ijyb (D:3)
  Terence (D:3)
  A worker ant (D:5)
  A hound skeleton (D:4)
  5 adders
  An ooze (D:1)
  2 adder zombies
  4 worms
  A dart slug (D:1)
  5 leopard geckos
  3 orcs (D:5)
  2 giant cockroaches
  8 goblins
  7 hobgoblins
  8 jackals (D:4)
  2 quokkas
  6 bats
  4 frilled lizards
  A jackal skeleton (D:4)
  5 kobolds
  A leopard gecko skeleton (D:5)
  6 rats
81 creatures vanquished.

Notes
Turn   | Place    | Note
-------+----------+-------------------------------------------
     0 | D:1      | universalconstance the Kobold Brigand began the quest for
                  | the Orb.
     0 | D:1      | Reached XP level 1. HP: 12/12 MP: 1/1
   286 | D:1      | Reached XP level 2. HP: 18/18 MP: 2/2
   728 | D:1      | Reached XP level 3. HP: 21/22 MP: 3/3
  1443 | D:2      | Reached skill level 6 in Stealth
  1542 | D:2      | Found a sacrificial altar of Ru.
  1675 | D:3      | Reached XP level 4. HP: 26/27 MP: 4/4
  1886 | D:3      | Noticed Terence
  1962 | D:3      | Killed Terence
  2255 | D:3      | Noticed a bullfrog
  2260 | D:3      | Killed a bullfrog
  2261 | D:3      | Reached skill level 1 in Shields
  2261 | D:3      | Reached XP level 5. HP: 32/32 MP: 5/5
  2399 | D:3      | Noticed Ijyb
  2403 | D:3      | Killed Ijyb
  2714 | D:3      | Noticed a centaur
  2736 | D:3      | HP: 1/32 [centaur (3)]
  2756 | D:3      | Killed a centaur
  2757 | D:3      | Reached skill level 7 in Stealth
  2757 | D:3      | Reached XP level 6. HP: 32/37 MP: 6/6
  3014 | D:4      | Found Lucyt's Book Boutique.
  3367 | D:4      | Found a staircase to the Ecumenical Temple.
  3375 | Temple   | Entered the Ecumenical Temple
  3469 | Temple   | Became a worshipper of the Wu Jian Council
  3948 | D:5      | Entered Level 5 of the Dungeon
  4036 | D:5      | Found a runed translucent door.
  4072 | D:5      | Reached XP level 7. HP: 38/41 MP: 7/7
  4957 | D:5      | Found a stormy altar of Qazlal.
  4971 | D:5      | Found a runed translucent door.
  5715 | D:5      | Noticed jestyr24's ghost (novice MiAK)
  5718 | D:5      | Killed jestyr24's ghost
  5719 | D:5      | Reached skill level 5 in Short Blades
  5719 | D:5      | Reached skill level 8 in Stealth
  5719 | D:5      | Reached XP level 8. HP: 48/48 MP: 8/8
  5878 | D:6      | Slain by a black bear

Illustrated notes

Levels and vault maps discovered:
D:1:      ebering_trefoil_3fold, layout_basic, minmay_misc_feat_ornament
D:2:      layout_loops_ring, nicolae_ru_path_of_blood
D:3:      layout_loops_cross, st_stairs_13, uniq_ijyb, uniq_terence
D:4:      layout_loops_ring, minmay_temple_entry_statues_pillars, serial_shops,
          nicolae_shop_temple_entry_statues_fountains
D:5:      layout_layer_cave, kennysheep_mini, ebering_ghost_sewer_f,
          st_stairs_2, chequers_jeans
D:6:      layout_basic, zin_angel, serial_shops, nicolae_shop_stone,
          gammafunk_ghost_mausoleum
Temple:   minmay_crystal_spiral_temple

Skill      XL: |  1  2  3  4  5  6  7 |
---------------+----------------------+-----
Short Blades   | 3 4 5 |  5.3
Stealth        | 6 7 8 |  8.6
Dodging        | 2 3 4 |  4.0
Fighting       | 3 4 |  4.2
Shields        | 1 2 3 |  3.4
Throwing       | |  2.1

Action                   |  1- 3 |  4- 6 |  7- 9 || total
-------------------------+-------+-------+-------++-------
Melee: Dagger            |    81 |   178 |   128 ||   387
Throw: Dart              |       |    14 |       ||    14
Invok: Lunge             |       |     2 |    10 ||    12
  Use: Potion            |       |     2 |       ||     2
 Stab: Sleeping          |    19 |    15 |     6 ||    40
       Distracted        |       |     2 |       ||     2
Armor: Robe              |    10 |    34 |    19 ||    63
Dodge: Dodged            |    41 |   101 |    67 ||   209
Block: Kite shield       |     4 |    86 |    59 ||   149

Table legend: (Time is in decaauts)
 A = Elapsed time spent in this place.
 B = Non-inter-level travel time spent in this place.
 C = Inter-level travel time spent in this place.
 D = Time resting spent in this place.
 E = Time spent auto-exploring this place.
 F = Levels seen in this place.
 G = Mean time per level.
                   A        B        C        D        E       F      G
               +--------+--------+--------+--------+--------+-----+--------+
         Total |   5894 |   5602 |    292 |    444 |   4200 |   7 |  842.0 |
       Dungeon |   5714 |   5506 |    208 |    444 |   4200 |   6 |  952.3 |
        Temple |    179 |     95 |     84 |      0 |      0 |   1 |  179.0 |
               +--------+--------+--------+--------+--------+-----+--------+

Top non-repeatable levels by time:
     D:5: 1826 daAuts
     D:3: 1361 daAuts
     D:2: 845 daAuts
     D:4: 821 daAuts
     D:1: 802 daAuts
  Temple: 179 daAuts
     D:6: 56 daAuts
